 Dungeon Crawl Stone Soup version 0.29-a0-506-ga2e7fffb44 (webtiles) character file.

Game seed: 8393498074073369719

21501 greasedhog the Quickloader (level 12, -12/94 (95) HPs)
             Began as a Gnoll Hunter on May 25, 2022.
             Was a High Priest of Okawaru.
             Mangled by a skeletal warrior
             ... wielding a +0 war axe
              (16 damage)
             ... on level 13 of the Dungeon on May 29, 2022.
             The game lasted 00:36:05 (16874 turns).

greasedhog the Quickloader (Gnoll Hunter)          Turns: 16874, Time: 00:36:06

HP:   -12/94 (95)   AC: 13    Str: 16    XL:     12   Next: 90%
MP:   21/23         EV: 24    Int:  4    God:    Okawaru [*****.]
Gold: 832           SH:  5    Dex: 26    Spells: 17/26 levels left

rFire   . . .      SeeInvis .   A - +8 broad axe "Giantbane" {freeze, rPois Str+4 Int-4}
rCold   . . .      Faith    .   (no shield)
rNeg    . . .      Spirit   .   C - +0 acid dragon scales
rPois   +          Reflect  +   l - +1 hat
rElec   .          Harm     .   p - +0 cloak
rCorr   +          Rampage  .   (no gloves)
Will    ++...                   r - +0 pair of boots
Stlth   ++++++....              m - amulet of reflection
HPRegen 0.25/turn               i - ring of willpower
MPRegen 0.18/turn               D - +6 ring of dexterity

@: heroic, studying Ice Magic, lightly drained
A: fangs 1, strong nose, distributed training, hooves 1, strong-willed 1
a: Renounce Religion, Heroism, Finesse, Duel


You were on level 13 of the Dungeon.
You worshipped Okawaru.
Okawaru was extremely pleased with you.
You visited 2 branches of the dungeon, and saw 14 of its levels.
You also visited: Ossuary.

You collected 832 gold pieces.

Inventory:

Hand Weapons
 a - a +1 hand crossbow of flaming
 b - a +0 lajatang of protection
 q - a +2 vorpal spear
 A - the +8 broad axe "Giantbane" (weapon) {freeze, rPois Str+4 Int-4}
   (You found it on level 11 of the Dungeon)

   It freezes those it strikes, dealing additional cold damage.
   It can also slow down cold-blooded creatures.
   Str:       It affects your strength (+4).
   Int:       It affects your intelligence (-4).
   rPois:     It protects you from poison.
 B - a +2 scimitar of flaming
 K - the +7 hand crossbow "Nydawu" {elec, rF- Will+ Int+5 Dex-5}
   (You found it on level 10 of the Dungeon)

   Any ammunition fired from it occasionally discharges a powerful burst of
   electricity upon striking a foe.
   Int:       It affects your intelligence (+5).
   Dex:       It affects your dexterity (-5).
   rF:        It makes you vulnerable to fire.
   Will:      It increases your willpower.
Armour
 l - a +1 hat (worn)
 p - a +0 cloak (worn)
 r - a +0 pair of boots (worn)
 C - +0 acid dragon scales (worn)
Jewellery
 i - a ring of willpower (left hand)
 m - an amulet of reflection (around neck)
 t - a +6 ring of strength
 z - a ring of wizardry
 D - a +6 ring of dexterity (right hand)
 H - a ring of willpower
 I - a ring of resist corrosion
Wands
 y - a wand of polymorph (8)
 F - a wand of iceblast (11)
 L - a wand of paralysis (6)
Scrolls
 c - 3 scrolls of immolation
 e - 2 scrolls of amnesia
 f - 5 scrolls of enchant armour
 g - 5 scrolls of vulnerability
 j - 5 scrolls of magic mapping
 o - 5 scrolls of blinking
 u - 3 scrolls of fog
 v - 10 scrolls of teleportation
 E - 6 scrolls of fear
Potions
 d - a potion of attraction {unknown}
 k - 6 potions of curing
 n - 3 potions of brilliance
 s - a potion of berserk rage
 w - 2 potions of haste {unknown}
 x - 2 potions of cancellation {unknown}
 G - 2 potions of might {unknown}
 J - a potion of ambrosia {unknown}
 M - a potion of mutation


   Skills:
 + Level 9.1(14.1) Fighting
 + Level 7.7(12.7) Short Blades
 + Level 7.7(12.7) Long Blades
 + Level 7.7(12.7) Axes
 + Level 7.7(12.7) Maces & Flails
 + Level 7.7(12.7) Polearms
 + Level 7.7(12.7) Staves
 + Level 7.7(12.7) Slings
 + Level 7.7(12.7) Bows
 + Level 11.4(16.4) Crossbows
 + Level 7.7(12.7) Throwing
 + Level 7.7(12.7) Armour
 + Level 9.1(14.1) Dodging
 + Level 8.1(13.1) Stealth
 + Level 7.7(12.7) Shields
 + Level 7.7(12.7) Unarmed Combat
 + Level 7.7 Spellcasting
 + Level 6.4 Conjurations
 + Level 6.4 Hexes
 + Level 6.4 Summonings
 + Level 6.4 Necromancy
 + Level 6.4 Translocations
 + Level 6.4 Transmutations
 + Level 6.4 Fire Magic
 + Level 7.4 Ice Magic
 + Level 6.4 Air Magic
 + Level 6.4 Earth Magic
 + Level 6.4 Poison Magic
 + Level 8.4 Invocations
 + Level 7.7 Evocations


You had 17 spell levels left.
You knew the following spells:

 Your Spells              Type           Power      Damage    Failure   Level
a - Portal Projectile     Hex/Tloc       12%        N/A       7%          3
b - Apportation           Tloc           12%        N/A       2%          1
c - Blink                 Tloc           12%        N/A       3%          2
d - Ozocubu's Armour      Ice            7%         N/A       4%          3

Your spell library contained the following spells:

 Spells                   Type           Power      Damage    Failure   Level
 Lesser Beckoning         Tloc           6%         N/A       7%          3
 Leda's Liquefaction      Hex/Erth       3%         N/A       24%         4
 Metabolic Englaciation   Hex/Ice        3%         N/A       47%         5
 Alistair's Intoxication  Tmut/Pois      4%         N/A       54%         5
 Manifold Assault         Tloc           6%         N/A       54%         5
 Ozocubu's Refrigeration  Ice            3%         4d5       100%        7
 Call Canine Familiar     Summ           Unusable   N/A       N/A         3
 Simulacrum               Ice/Necr       Unusable   N/A       N/A         6

Dungeon Overview and Level Annotations

Branches:
Dungeon (13/15)            Temple (1/1) D:6            Lair (0/6) D:11
    Orc (0/2) D:12        Ossuary (visited)
 Vaults: D:13-14

Altars:
Ashenzari
Cheibriados
Dithmenos
Elyvilon
Fedhas
Gozag
Hepliaklqana
Kikubaaqudgha
Makhleb
Nemelex Xobeh
Okawaru
Qazlal
Ru
Sif Muna
Trog
Uskayaw
Vehumet
Wu Jian
Xom
Yredelemnul
Zin
The Shining One

Portals:
Trove: D:12 (give +6 ice dragon scales)

Annotations:
D:3 3 runed translucent doors, frimble's ghost, amateur GnWr
D:7 1 runed translucent door, trckry's ghost, novice TeSu


Innate Abilities, Weirdness & Mutations

You have very sharp teeth.
Your uncanny sense of smell can sniff out nearby items.
Your experience applies equally to all skills.
You have large cloven feet.
You are strong-willed. (Will+)


Message History

You feel stronger.
You feel stupid.
The +8 broad axe "Giantbane" {freeze, rPois Str+4 Int-4} glows with a cold blue light!
A - the +8 broad axe "Giantbane" (weapon)
{freeze, rPois Str+4 Int-4} The skeletal warrior hits you with a +0 war axe!!
You slice the skeletal warrior!! You freeze the skeletal warrior.
You punch the skeletal warrior, but do no damage.
The skeletal warrior is heavily damaged.
The skeletal warrior closely misses you.
You hit the skeletal warrior. You freeze the skeletal warrior.
The skeletal warrior is severely damaged.
The skeletal warrior hits you with a +0 war axe.
Unknown command.
You hit the skeletal warrior but do no damage.
You bite the skeletal warrior, but do no damage.
The skeletal warrior is severely damaged.
The skeletal warrior hits you with a +0 war axe! x2
You slash the skeletal warrior! You freeze the skeletal warrior.
You punch the skeletal warrior, but do no damage.
The skeletal warrior is almost destroyed.
The skeletal warrior closely misses you.
You slash the skeletal warrior! Your bite misses the skeletal warrior.
The skeletal warrior is almost destroyed.
You block the skeletal warrior's attack.
You hit the skeletal warrior but do no damage.
You punch the skeletal warrior, but do no damage.
The skeletal warrior is almost destroyed.
The skeletal warrior hits you with a +0 war axe!!
* * * LOW HITPOINT WARNING * * *
You hit the skeletal warrior but do no damage.
The skeletal warrior is almost destroyed.
The skeletal warrior hits you with a +0 war axe!
* * * LOW HITPOINT WARNING * * *
You gain the combat prowess of a mighty hero.
The skeletal warrior completely misses you.
You hit the skeletal warrior but do no damage.
You bite the skeletal warrior, but do no damage.
The skeletal warrior is almost destroyed.
The skeletal warrior hits you with a +0 war axe!
You die...

≈≈≈≈≈≈≈≈≈≈≈≈≈≈#...........#≈≈≈≈≈
≈≈≈≈≈≈≈≈≈≈≈≈≈≈#.<.>.......#≈≈≈≈≈
≈≈≈≈≈≈≈≈≈≈≈≈≈≈#...........#≈≈≈≈≈
≈≈≈≈≈≈≈≈≈≈≈≈≈≈#...........#≈≈≈≈≈
≈≈≈≈≈≈≈≈≈≈≈≈≈≈#.......[...#≈≈≈≈≈
≈≈≈≈≈≈≈≈≈≈#...........#≈≈≈≈≈
≈≈≈≈≈≈#...........#≈≈≈≈≈
≈≈≈≈≈≈#.(.........#≈≈≈≈≈
≈≈≈≈≈≈#.@.........#≈≈≈≈≈
≈≈≈≈≈≈#..z........#≈≈≈≈≈
≈≈≈≈≈≈#.).........#≈≈≈≈≈
≈≈≈≈≈≈#...........#≈≈≈≈≈
≈≈≈≈≈≈#...........#≈≈≈≈≈
≈≈≈≈≈≈#...........#≈≈≈≈≈
≈≈≈≈≈≈#.(........)#≈≈≈≈≈
≈≈≈≈≈≈#...>..)....#≈≈≈≈≈
≈≈≈≈≈≈#...........#≈≈≈≈≈


You could see a skeletal warrior.

Vanquished Creatures
  3 hydras
  3 two-headed ogres
  A centaur warrior (Arena)
  2 skeletal warriors
  2 cyclopes (D:13)
  3 ugly things
  A faun (D:8)
  A manticore (D:12)
  2 gargoyles (D:12)
  A freezing wraith (D:11)
  3 rime drakes (D:11)
  2 komodo dragons
  A troll (D:12)
  A hornet (D:8)
  Grinder (D:6)
  6 slime creatures
  A vampire (D:11)
  Sigmund (D:4)
  2 centaur simulacra (D:11)
  A wraith (D:11)
  2 wyverns
  A steam dragon (D:7)
  A basilisk (D:12)
  8 yaks (D:11)
  14 vampire mosquitoes
  An acid dragon (D:10)
  4 water moccasins
  2 ice beasts
  2 sky beasts
  A meliai simulacrum (D:11)
  7 orc warriors
  A black bear (D:7)
  A centaur (D:7)
  Blork the orc (D:4)
  A kobold brigand (D:9)
  A phantom (D:5)
  6 bullfrogs
  2 necrophages (D:6)
  A gnoll sergeant (D:11)
  13 scorpions
  16 killer bees
  6 howler monkeys
  A human zombie (Ossuary)
  A centaur zombie (Ossuary)
  5 hounds
  Crazy Yiuf (D:2)
  4 jellies
  7 orc priests
  Jessica (D:2)
  Natasha (twice) (D:2)
  Terence (D:2)
  9 orc wizards
  2 scorpion zombies (Ossuary)
  3 mummies (Ossuary)
  8 gnolls
  9 adders
  A white imp (D:6)
  2 ufetubi
  A worm (D:3)
  A dart slug (D:3)
  30 orcs
  8 ball pythons
  6 bats
  8 endoplasms
  6 giant cockroaches
  3 gnoll zombies
  10 goblins
  6 hobgoblins
  6 quokkas
  2 frilled lizards (D:1)
  2 goblin zombies (Ossuary)
  2 hobgoblin zombies (Ossuary)
  13 kobolds
  2 kobold zombies (Ossuary)
  5 orc zombies
  6 rats
304 creatures vanquished.

Notes
Turn   | Place    | Note
-------+----------+-------------------------------------------
     0 | D:1      | greasedhog the Gnoll Hunter began the quest for the Orb.
     0 | D:1      | Reached XP level 1. HP: 20/20 MP: 1/1
   368 | D:1      | Reached XP level 2. HP: 26/26 MP: 2/2
   542 | D:1      | Found a faded altar of an unknown god.
  1142 | D:1      | Reached XP level 3. HP: 29/31 MP: 3/3
  1408 | D:2      | Reached skill level 1 in Invocations
  1492 | D:2      | Noticed Terence
  1495 | D:2      | Killed Terence
  1496 | D:2      | Reached skill level 1 in Short Blades
  1496 | D:2      | Reached skill level 1 in Long Blades
  1496 | D:2      | Reached skill level 1 in Axes
  1496 | D:2      | Reached skill level 1 in Maces & Flails
  1496 | D:2      | Reached skill level 1 in Polearms
  1496 | D:2      | Reached skill level 1 in Staves
  1496 | D:2      | Reached skill level 1 in Slings
  1496 | D:2      | Reached skill level 1 in Bows
  1496 | D:2      | Reached skill level 1 in Throwing
  1496 | D:2      | Reached skill level 1 in Armour
  1496 | D:2      | Reached skill level 1 in Shields
  1496 | D:2      | Reached skill level 1 in Unarmed Combat
  1496 | D:2      | Reached skill level 1 in Spellcasting
  1496 | D:2      | Reached skill level 1 in Evocations
  1496 | D:2      | Reached XP level 4. HP: 38/38 MP: 5/5
  1561 | D:2      | Noticed Natasha
  1564 | D:2      | Killed Natasha
  1565 | D:2      | Reached skill level 1 in Conjurations
  1565 | D:2      | Reached skill level 1 in Hexes
  1565 | D:2      | Reached skill level 1 in Summonings
  1565 | D:2      | Reached skill level 1 in Necromancy
  1565 | D:2      | Reached skill level 1 in Translocations
  1565 | D:2      | Reached skill level 1 in Transmutations
  1565 | D:2      | Reached skill level 1 in Fire Magic
  1565 | D:2      | Reached skill level 1 in Ice Magic
  1565 | D:2      | Reached skill level 1 in Air Magic
  1565 | D:2      | Reached skill level 1 in Earth Magic
  1565 | D:2      | Reached skill level 1 in Poison Magic
  1605 | D:2      | Reached XP level 5. HP: 43/43 MP: 6/6
  1709 | D:2      | Noticed Jessica
  1713 | D:2      | Killed Jessica
  1821 | D:2      | Noticed Natasha
  1825 | D:2      | Killed Natasha
  1946 | D:2      | Found a runed translucent door.
  1947 | D:2      | Noticed Crazy Yiuf
  2106 | D:2      | Killed Crazy Yiuf
  2217 | D:3      | Reached XP level 6. HP: 50/50 MP: 8/8
  2237 | D:3      | Noticed frimble's ghost (amateur GnWr)
  2238 | D:3      | Found a runed translucent gate.
  2238 | D:3      | Found a runed translucent gate.
  2238 | D:3      | Found a runed translucent gate.
  2383 | D:3      | Found a burning altar of Makhleb.
  2578 | D:3      | Found an ornate altar of the Wu Jian Council.
  2721 | D:4      | Noticed Sigmund
  2726 | D:4      | Killed Sigmund
  2727 | D:4      | Reached skill level 5 in Fighting
  2727 | D:4      | Reached skill level 5 in Dodging
  2815 | D:4      | Noticed Blork the orc
  2823 | D:4      | Killed Blork the orc
  2824 | D:4      | Reached XP level 7. HP: 53/56 MP: 10/10
  3061 | D:4      | Found a basalt altar of Yredelemnul.
  3319 | D:5      | Entered Level 5 of the Dungeon
  3349 | D:5      | Found a sand-covered staircase.
  3366 | Ossuary  | Entered an ossuary
  3433 | Ossuary  | Reached skill level 9 in Crossbows
  3792 | Ossuary  | Reached XP level 8. HP: 63/63 MP: 12/12
  3979 | Ossuary  | Gained mutation: Your spells are a little easier to cast,
                  | but a little less powerful. [potion of mutation]
  5252 | D:6      | Lost mutation: Your spells are a little easier to cast, but
                  | a little less powerful. [potion of mutation]
  5252 | D:6      | Gained mutation: Your spells are a little easier to cast,
                  | but a little less powerful. [potion of mutation]
  5252 | D:6      | Gained mutation: You have sharp toenails. [potion of
                  | mutation]
  5257 | D:6      | Found a shimmering altar of Xom.
  5272 | D:6      | Reached XP level 9. HP: 62/69 MP: 14/14
  5566 | D:6      | Found a glowing golden altar of the Shining One.
  5577 | D:6      | Found a staircase to the Ecumenical Temple.
  5647 | Temple   | Entered the Ecumenical Temple
  5874 | Temple   | Became a worshipper of Warmaster Okawaru
  5960 | D:6      | Learned a level 3 spell: Portal Projectile
  6038 | D:6      | Noticed Grinder
  6055 | D:6      | Killed Grinder
  6207 | D:6      | Reached skill level 5 in Stealth
  6402 | D:6      | Reached * piety under Okawaru
  6961 | D:7      | Reached skill level 5 in Invocations
  7396 | D:7      | Reached XP level 10. HP: 77/77 MP: 17/17
  7789 | D:7      | Found a runed translucent door.
  7853 | D:7      | Reached skill level 5 in Short Blades
  7853 | D:7      | Reached skill level 5 in Long Blades
  7853 | D:7      | Reached skill level 5 in Axes
  7853 | D:7      | Reached skill level 5 in Maces & Flails
  7853 | D:7      | Reached skill level 5 in Polearms
  7853 | D:7      | Reached skill level 5 in Staves
  7853 | D:7      | Reached skill level 5 in Slings
  7853 | D:7      | Reached skill level 5 in Bows
  7853 | D:7      | Reached skill level 5 in Throwing
  7853 | D:7      | Reached skill level 5 in Armour
  7853 | D:7      | Reached skill level 5 in Shields
  7853 | D:7      | Reached skill level 5 in Unarmed Combat
  7853 | D:7      | Reached skill level 5 in Spellcasting
  7853 | D:7      | Reached skill level 5 in Evocations
  7909 | D:7      | Noticed trckry's ghost (novice TeSu)
  8193 | D:8      | Noticed Erica
  8201 | D:8      | Noticed Erica
  8207 | D:8      | Killed Erica the faun
  8207 | D:8      | Reached ** piety under Okawaru
  8208 | D:8      | Reached skill level 10 in Crossbows
  8225 | D:8      | Paralysed by a hornet for 2 turns
  8545 | D:8      | Learned a level 1 spell: Apportation
  8611 | D:8      | Found a stormy altar of Qazlal.
  8695 | D:8      | Found a shimmering blue altar of Sif Muna.
  8776 | D:8      | Found a white marble altar of Elyvilon.
  9806 | D:9      | Reached *** piety under Okawaru
  9929 | D:10     | Entered Level 10 of the Dungeon
  9929 | D:10     | Noticed a two-headed ogre
  9929 | D:10     | You fall into a shaft and drop 3 floors!
  9954 | D:13     | Noticed a skeletal warrior
 10060 | D:11     | Learned a level 2 spell: Blink
 10062 | D:11     | Found a staircase to the Lair.
 10409 | D:11     | Reached XP level 11. HP: 81/84 MP: 19/19
 10650 | D:11     | Noticed a two-headed ogre
 10660 | D:11     | Killed a two-headed ogre
 10660 | D:11     | Reached **** piety under Okawaru
 10660 | D:11     | Received a gift from Okawaru
 10661 | D:11     | Reached skill level 5 in Conjurations
 10661 | D:11     | Reached skill level 5 in Hexes
 10661 | D:11     | Reached skill level 5 in Summonings
 10661 | D:11     | Reached skill level 5 in Necromancy
 10661 | D:11     | Reached skill level 5 in Translocations
 10661 | D:11     | Reached skill level 5 in Transmutations
 10661 | D:11     | Reached skill level 5 in Fire Magic
 10661 | D:11     | Reached skill level 5 in Ice Magic
 10661 | D:11     | Reached skill level 5 in Air Magic
 10661 | D:11     | Reached skill level 5 in Earth Magic
 10661 | D:11     | Reached skill level 5 in Poison Magic
 10701 | D:11     | Received a gift from Okawaru
 11011 | D:11     | Got the +8 broad axe "Giantbane" {freeze, rPois Str+4
                  | Int-4}
 11018 | D:11     | Upgraded the game from 0.29-a0-483-g69413ace17 to
                  | 0.29-a0-506-ga2e7fffb44
 11160 | D:11     | Lost mutation: Your spells are a little easier to cast, but
                  | a little less powerful. [potion of mutation]
 11160 | D:11     | Lost mutation: You have sharp toenails. [potion of
                  | mutation]
 11160 | D:11     | Gained mutation: You are weak. (Str -2) [potion of
                  | mutation]
 11160 | D:11     | Gained mutation: You are dopey. (Int -2) [potion of
                  | mutation]
 11160 | D:11     | Gained mutation: You have a pair of small horns on your
                  | head. [potion of mutation]
 11777 | D:10     | Killed a two-headed ogre
 12216 | D:10     | Noticed a green ugly thing
 12230 | D:10     | Killed a green ugly thing
 12797 | D:10     | Found a sacrificial altar of Ru.
 12800 | D:10     | Identified the +7 hand crossbow "Nydawu" {elec, rF- Will+
                  | Int+5 Dex-5}
 13552 | D:12     | Found a staircase to the Orcish Mines.
 13808 | D:12     | Noticed an eight-headed hydra
 13813 | D:12     | Killed an eight-headed hydra
 13813 | D:12     | Reached ***** piety under Okawaru
 13814 | D:12     | Reached XP level 12. HP: 94/94 MP: 22/22
 13860 | D:12     | Found a portal to a secret trove of treasure.
 13895 | D:12     | Lost mutation: You are dopey. (Int -2) [potion of mutation]
 13895 | D:12     | Lost mutation: You are weak. (Str -2) [potion of mutation]
 13895 | D:12     | Lost mutation: You have a pair of small horns on your head.
                  | [potion of mutation]
 13895 | D:12     | Gained mutation: You are strong-willed. (Will+) [potion of
                  | mutation]
 13895 | D:12     | Gained mutation: You have large cloven feet. [potion of
                  | mutation]
 14042 | D:12     | Reached skill level 11 in Crossbows
 14536 | D:12     | Learned a level 3 spell: Ozocubu's Armour
 15301 | D:12     | Received a gift from Okawaru
 15391 | D:13     | Noticed a two-headed ogre
 15396 | D:13     | Killed a two-headed ogre
 15408 | D:13     | Noticed a centaur warrior
 15416 | Arena    | Entered the Arena
 15429 | Arena    | Killed a centaur warrior
 15450 | D:13     | Noticed a four-headed hydra
 15451 | D:13     | Noticed an eight-headed hydra
 15972 | D:12     | Killed a three-headed hydra
 15972 | D:12     | Received a gift from Okawaru
 16419 | D:13     | Killed a three-headed hydra
 16858 | D:13     | Received a gift from Okawaru
 16872 | D:13     | HP: 4/94 [skeletal warrior/+0 war axe (16)]
 16874 | D:13     | Mangled by a skeletal warrior

Illustrated notes

Levels and vault maps discovered:
D:1:      elethiomel_arrival_fortress_basement, layout_loops_corners,
          hellmonk_ecumenical_altar_run_dry
D:2:      layout_rooms, uniq_jessica, uniq_natasha, uniq_crazy_yiuf_cottage,
          uniq_terence
D:3:      layout_rooms, nicolae_wu_jian_immortal_techniques,
          nicolae_overflow_hidden_temple, gammafunk_ghost_split
D:4:      layout_loops_ring, mainiacjoe_overflow_catwalk, uniq_blork_the_orc,
          uniq_sigmund
D:5:      layout_loops_ring, enter_ossuary_3
D:6:      layout_basic, mainiacjoe_overflow_concentric_impassable,
          mainiacjoe_overflow_small_starburst, minmay_temple_entry_mist,
          minmay_between, uniq_grinder
D:7:      layout_loops_ring, ebering_ghost_reflecting_pool
D:8:      layout_rooms, elyvilon_altar_5, general_overflow_altar,
          nicolae_qazlal_eye_of_the_storm, grunt_decor_clamped,
          dreamdust_wishing_well, uniq_erica
D:9:      layout_rooms, mumra_transporter_accident, grunt_ministairs_11
D:10:     layout_irregular_city, nicolae_ru_path_of_blood, nicolae_benzene_ring,
          hangedman_glass_teeth
D:11:     minmay_coctagon, layout_basic, lair_entry_dummy,
          roderic_serpentine_path
D:12:     layout_layer_cave, david_orc_1_choice, nicolae_trove_entry_crossroad
D:13:     layout_cross
Temple:   oiseaux_autumnal_temple

Skill      XL: |  1  2  3  4  5  6  7  8  9 10 11 12 |
---------------+-------------------------------------+-----
Invocations    | 1 2 3 4 5 6 7 8 |  8.4
Short Blades   | 1 2 3 4 5 6 7 |  7.7
Long Blades    | 1 2 3 4 5 6 7 |  7.7
Axes           | 1 2 3 4 5 6 7 |  7.7
Maces & Flails | 1 2 3 4 5 6 7 |  7.7
Polearms       | 1 2 3 4 5 6 7 |  7.7
Staves         | 1 2 3 4 5 6 7 |  7.7
Slings         | 1 2 3 4 5 6 7 |  7.7
Bows           | 1 2 3 4 5 6 7 |  7.7
Throwing       | 1 2 3 4 5 6 7 |  7.7
Armour         | 1 2 3 4 5 6 7 |  7.7
Shields        | 1 2 3 4 5 6 7 |  7.7
Unarmed Combat | 1 2 3 4 5 6 7 |  7.7
Spellcasting   | 1 2 3 4 5 6 7 |  7.7
Evocations     | 1 2 3 4 5 6 7 |  7.7
Conjurations   | 1 2 3 4 5 6 |  6.4
Hexes          | 1 2 3 4 5 6 |  6.4
Summonings     | 1 2 3 4 5 6 |  6.4
Necromancy     | 1 2 3 4 5 6 |  6.4
Translocations | 1 2 3 4 5 6 |  6.4
Transmutations | 1 2 3 4 5 6 |  6.4
Fire Magic     | 1 2 3 4 5 6 |  6.4
Ice Magic      | 1 2 3 4 6 7 |  7.4
Air Magic      | 1 2 3 4 5 6 |  6.4
Earth Magic    | 1 2 3 4 5 6 |  6.4
Poison Magic   | 1 2 3 4 5 6 |  6.4
Stealth        | 3 4 5 6 7 8 |  8.1
Fighting       | 5 6 7 8 9 |  9.1
Dodging        | 5 6 7 8 9 |  9.1
Crossbows      | 9 10 11 | 11.4

Action                   |  1- 3 |  4- 6 |  7- 9 | 10-12 || total
-------------------------+-------+-------+-------+-------++-------
Melee: Lajatang          |       |       |    46 |   171 ||   217
       Bite              |       |       |     4 |    23 ||    27
       Headbutt          |       |       |       |    14 ||    14
       Broad axe         |       |       |       |    23 ||    23
       Punch             |       |       |       |     7 ||     7
       Scimitar          |       |       |       |     6 ||     6
 Fire: Hand crossbow     |    75 |    97 |   361 |   473 ||  1006
 Cast: Portal Projectile |       |       |       |     1 ||     1
       Ozocubu's Armour  |       |       |       |     4 ||     4
       Blink             |       |       |       |     1 ||     1
Invok: Heroism           |       |       |     1 |    13 ||    14
       Finesse           |       |       |       |     1 ||     1
       Duel              |       |       |       |     1 ||     1
Evoke: Wand              |       |       |     1 |     4 ||     5
  Use: Scroll            |     2 |     4 |     3 |     4 ||    13
       Potion            |       |       |     9 |     8 ||    17
Armor: Leather armour    |     5 |     1 |       |       ||     6
       Scale mail        |       |     4 |   108 |    10 ||   122
       Skin              |       |       |    13 |       ||    13
       Acid dragon scale |       |       |       |   139 ||   139
Dodge: Dodged            |    12 |     8 |   167 |   464 ||   651
Block: Other             |       |       |       |   113 ||   113
       Reflection        |       |       |       |     3 ||     3

Table legend: (Time is in decaauts)
 A = Elapsed time spent in this place.
 B = Non-inter-level travel time spent in this place.
 C = Inter-level travel time spent in this place.
 D = Time resting spent in this place.
 E = Time spent auto-exploring this place.
 F = Levels seen in this place.
 G = Mean time per level.
                   A        B        C        D        E       F      G
               +--------+--------+--------+--------+--------+-----+--------+
         Total |  17049 |  15839 |   1210 |   2366 |  10804 |  16 | 1065.6 |
       Dungeon |  15753 |  14611 |   1142 |   1950 |  10374 |  13 | 1211.8 |
        Temple |    295 |    227 |     68 |      0 |    213 |   1 |  295.0 |
       Ossuary |    968 |    968 |      0 |    398 |    217 |   1 |  968.0 |
         Arena |     31 |     31 |      0 |     18 |      0 |   1 |   31.0 |
               +--------+--------+--------+--------+--------+-----+--------+

Top non-repeatable levels by time:
    D:12: 3180 daAuts
    D:11: 2207 daAuts
     D:7: 1428 daAuts
     D:1: 1329 daAuts
    D:10: 1215 daAuts
     D:6: 1169 daAuts
     D:5: 1015 daAuts
 Ossuary: 968 daAuts
     D:8: 950 daAuts
     D:9: 894 daAuts
     D:2: 879 daAuts
     D:4: 657 daAuts
     D:3: 513 daAuts
    D:13: 313 daAuts
  Temple: 295 daAuts
